 Dungeon Crawl Stone Soup version 0.26.1-2-gb8aa6d0cf2 (webtiles) character file.

Game seed: 11783024620929585040

86 Descartes the Magician (level 4, 0/24 HPs)
             Began as a Deep Elf Wanderer on Mar 25, 2021.
             Slain by a jackal (3 damage)
             ... on level 2 of the Dungeon.
             The game lasted 00:09:09 (2411 turns).

Descartes the Magician (Deep Elf Wanderer)          Turns: 2411, Time: 00:09:09

Health: 0/24       AC:  2    Str:  7    XL:     4   Next: 26%
Magic:  8/12       EV: 11    Int: 21    God:
Gold:   104        SH:  0    Dex: 13    Spells: 9/11 levels left

rFire    . . .     SeeInvis .   i - +5 club
rCold    . . .     Faith    .   (no shield)
rNeg     . . .     Spirit   .   d - +0 robe
rPois    .         Reflect  .   (no helmet)
rElec    .         Harm     .   (no cloak)
rCorr    .         Rampage  .   (no gloves)
Will     .....                  (no boots)
Stlth    +.........             (no amulet)
HPRegen  0.08/turn              (no ring)
MPRegen  0.13/turn              (no ring)

@: no status effects
A: no striking features
a: no special abilities


You were on level 2 of the Dungeon.
You visited 1 branch of the dungeon, and saw 2 of its levels.

You collected 104 gold pieces.

Inventory:

Hand Weapons
 a - a +0 dagger
 i - a +5 club (weapon)
Missiles
 h - 70 arrows
 l - 47 stones (quivered)
 m - 37 sling bullets
Armour
 d - a +0 robe (worn)
Jewellery
 o - an uncursed ring of ice
 p - an uncursed ring of stealth {unknown}
Scrolls
 c - a scroll of noise {unknown}
 f - 3 scrolls of identify {unknown}
 g - 2 scrolls of remove curse {unknown}
 j - a scroll of enchant weapon {unknown}
 k - a scroll of magic mapping {unknown}
Potions
 b - a potion of cancellation {unknown}
 e - a potion of brilliance {unknown}
 n - a potion of heal wounds {unknown}


   Skills:
 - Level 1.0 Throwing
 + Level 4.2 Spellcasting
 + Level 2.3 Conjurations
 - Level 2.1 Fire Magic
 - Level 1.0 Air Magic
 + Level 4.2 Poison Magic
 - Level 1.1 Evocations


You had 9 spell levels left.
You knew the following spells:

 Your Spells              Type           Power        Failure   Level
a - Magic Dart            Conj           56%          4%          1
b - Sting                 Tmut/Pois      52%          4%          1

Your spell library contained the following spells:

 Spells                   Type           Power        Failure   Level
 Apportation              Tloc           8%           12%         1
 Mephitic Cloud           Conj/Pois/Air  15%          12%         3
 Conjure Flame            Conj/Fire      14%          14%         3
 Blink                    Tloc           N/A          19%         2
 Call Imp                 Summ           4%           19%         2
 Slow                     Hex            4%           19%         2
 Gell's Gravitas          Tloc           2%           34%         3


Dungeon Overview and Level Annotations

Branches:
Dungeon (2/15)

Altars:

Annotations:
D:2 Robin


Message History

You kill the goblin!
The goblin hits you with a +0 club. The goblin barely misses you.
The jackal bites you. The goblin hits you with a +0 club.
Robin throws the goblin at you! The jackal barely misses you.
The goblin barely misses you.
Items here: ( )) †.
The hobgoblin hits you with a +0 club!
* * * LOW HITPOINT WARNING * * *
Robin roars a battlecry!
The goblins go into a battle-frenzy!
The jackal barks!
The goblin hits you but does no damage. The jackal bites you.
* * * LOW HITPOINT WARNING * * *
Unknown command.
The jackal barely misses you. The jackal barely misses you.
There is a stone staircase leading up here.
The jackal bites you.
You die...

#.# ##.###.###### #h#
#.......#.... #h# #.......#.###
#.# #.......#.# #.# ####
#.........# #h# .)# #........##
###.########## #.# #........####
#............###.###............
#.#.#..........@........###.####
#.#.#.###.##.##h.######## #.####
# #.#.###.##.##..# #.....
#.#.....h..##g.# #####.
#..........##g.# #.
###.......g##..# #.
#.......)g.hg.# ##
##...†...g##.## #÷.......##.#


You could see 2 jackals, a hobgoblin (strong) and 2 goblins.

Vanquished Creatures
  Jessica (D:2)
  An adder (D:2)
  2 worms (D:2)
  A dart slug (D:2)
  2 leopard geckos (D:2)
  5 giant cockroaches
  3 hobgoblins
  4 jackals
  A bat (D:1)
  5 frilled lizards
  9 goblins
  3 kobolds
  3 rats (D:1)
40 creatures vanquished.

Notes
Turn   | Place    | Note
-------+----------+-------------------------------------------
     0 | D:1      | Descartes the Deep Elf Wanderer began the quest for the
                  | Orb.
     0 | D:1      | Descartes set off with the following items: a +0 dagger, a
                  | +0 robe; and the following spells available to memorise:
                  | Sting, Apportation, Magic Dart, Blink, Call Imp, Slow,
                  | Mephitic Cloud, Conjure Flame, Gell's Gravitas
     0 | D:1      | Reached XP level 1. HP: 10/10 MP: 6/6
     2 | D:1      | Learned a level 1 spell: Sting
     4 | D:1      | Learned a level 1 spell: Magic Dart
   376 | D:1      | Reached XP level 2. HP: 15/15 MP: 0/8
   458 | D:1      | Reached skill level 1 in Conjurations
   511 | D:1      | You fall into a shaft and drop 1 floor!
   545 | D:2      | Noticed Jessica
   551 | D:2      | Killed Jessica
   552 | D:2      | Reached XP level 3. HP: 19/19 MP: 2/10
  1828 | D:2      | Reached XP level 4. HP: 24/24 MP: 9/12
  2166 | D:2      | Noticed Robin
  2411 | D:2      | Slain by a jackal

Illustrated notes

Levels and vault maps discovered:
D:1:      zelgadis_glass_arrival_small, layout_rooms, kennysheep_flooded_box,
          st_stairs_9
D:2:      layout_loops_ring, chequers_serial_rivers_micro_d, uniq_jessica,
          uniq_robin

Skill      XL: |  1  2  3 |
---------------+----------+-----
Conjurations   | 1 2 |  2.3
Spellcasting   | 4 |  4.2
Poison Magic   | 4 |  4.2
Throwing       | |  1.0
Fire Magic     | |  2.1
Air Magic      | |  1.0
Evocations     | |  1.1

Action                   |  1- 3 |  4- 6 || total
-------------------------+-------+-------++-------
Melee: Dagger            |    13 |       ||    13
       Club              |       |     3 ||     3
 Cast: Magic Dart        |    89 |    38 ||   127
       Sting             |     2 |       ||     2
Armor: Robe              |     6 |     6 ||    12
Dodge: Dodged            |    22 |    12 ||    34
